 Dungeon Crawl Stone Soup version 0.30.1 (webtiles) character file.

Game seed: 11139983297607303818

12114 croobank the Covert (level 11, -2/80 HPs)
             Began as an Octopode Delver on July 3, 2023.
             Was an Initiate of Gozag.
             Slain by a two-headed ogre
             ... wielding a +0 dire flail
              (24 damage)
             ... on level 11 of the Dungeon.
             The game lasted 01:07:46 (15509 turns).

croobank the Covert (Octopode Delver)              Turns: 15509, Time: 01:07:47

Health: -2/80      AC:  8    Str: 17    XL:     11   Next: 88%
Magic:  10/21      EV: 16    Int: 18    God:    Gozag
Gold:   538        SH:  7    Dex: 13    Spells: 17/24 levels left

rFire   + + .        u - +2 dagger (speed)
rCold   . . .        L - +2 buckler {AC+3}
rNeg    + . .        (helmet restricted)
rPois   +            (no amulet)
rElec   .            d - +4 ring of slaying
rCorr   .            l - ring of flight
SInv    +            n - ring of protection from cold
Will    .....        q - +6 ring of strength
Stlth   ++++++       G - ring "Rosiynaig" {rPois rF+ rN+}
HPRegen 0.33/turn    I - ring of see invisible
MPRegen 0.17/turn    k - ring of fire
                     M - +4 ring of protection

%: no passive effects
@: flying
A: almost no armour, amphibious, 8 rings, camouflage 1, gelatinous body 1,
(nimble swimmer 1), tentacles
a: Renounce Religion, Potion Petition, Call Merchant, Bribe Branch


You were on level 11 of the Dungeon.
You worshipped Gozag.
Gozag was pleased with you.
You visited 1 branch of the dungeon, and saw 11 of its levels.

You collected 2802 gold pieces.
You spent 948 gold pieces at shops.
You paid 1316 gold pieces to Gozag.

Inventory:

Hand Weapons
 a - a +1 falchion of freezing
 o - a +5 war axe of flaming
 r - a +2 dagger of flaming
 u - a +2 dagger of speed (weapon)
 y - a +0 dagger of electrocution
 J - a +4 short sword
 O - a +0 broad axe
Missiles
 x - 9 boomerangs (quivered)
 D - 18 poisoned darts
 F - 2 atropa-tipped darts
 K - 3 curare-tipped darts
 Q - a throwing net
Armour
 L - a +2 buckler of protection (worn)
Magical Staves
 g - the staff of cold "Qixzog" {rElec rC+ MP+9}
   (You found it on level 6 of the Dungeon)

   [staff of cold]

   Base accuracy: +5 Base damage: 5 Base attack delay: 1.2 This weapon's minimum
   attack delay (0.6) is reached at skill level 12.
   rC:        It protects you from cold.
   rElec:     It insulates you from electricity.
   MP:        It affects your magic capacity (+9).
   It falls into the 'Staves' category.
   It is a one-tentacled weapon.
Jewellery
 d - a +4 ring of slaying (left tentacle)
 k - a ring of fire (on tentacle)
 l - a ring of flight (right tentacle)
 n - a ring of protection from cold (on tentacle)
 q - a +6 ring of strength (on tentacle)
 G - the ring "Rosiynaig" (on tentacle) {rPois rF+ rN+}
   (You found it on level 7 of the Dungeon)

   [ring of poison resistance]

   rF:        It protects you from fire.
   rPois:     It protects you from poison.
   rN:        It protects you from negative energy.
 I - a ring of see invisible (on tentacle)
 M - a +4 ring of protection (on tentacle)
 P - a ring of ice
Wands
 e - a wand of paralysis (8)
 f - a wand of digging (2)
 w - a wand of roots (1)
 T - a wand of mindburst (6)
Scrolls
 c - a scroll of vulnerability
 j - 2 scrolls of poison
 m - 8 scrolls of teleportation
 p - 3 scrolls of magic mapping
 t - 2 scrolls of fog
 A - 2 scrolls of blinking
 C - 2 scrolls of noise
 E - 2 scrolls of amnesia
 H - 3 scrolls of fear
 N - a scroll of immolation
Potions
 b - a potion of magic
 h - 2 potions of flight
 i - 7 potions of curing
 s - 4 potions of mutation
 v - 3 potions of brilliance
 z - 3 potions of attraction
 B - a potion of invisibility
 R - a potion of resistance
 S - a potion of heal wounds


   Skills:
 - Level 9.0 Fighting
 - Level 6.0 Axes
 - Level 8.6 Dodging
 - Level 13.4 Stealth
 - Level 4.0 Shields
 - Level 7.2 Spellcasting
 - Level 0.5 Conjurations
 - Level 2.3 Translocations
 + Level 4.0 Transmutations
 - Level 2.9 Air Magic
 + Level 4.0 Earth Magic
 - Level 3.5 Poison Magic


You had 17 spell levels left.
You knew the following spells:

 Your Spells              Type           Power      Damage    Failure   Level
a - Blink                 Tloc           28%        N/A       8%          2
b - Poisonous Vapours     Pois/Air       36%        N/A       5%          2
c - Mephitic Cloud        Conj/Pois/Air  15%        N/A       16%         3

Your spell library contained the following spells:

 Spells                   Type           Power      Damage    Failure   Level
 Sting                    Tmut/Pois      80%        1d7       2%          1
 Kiss of Death            Conj/Necr      28%        2d7       12%         1
 Petrify                  Tmut/Erth      21%        N/A       26%         4
 Dazzling Flash           Conj/Hex       14%        N/A       34%         3
 Confusing Touch          Hex            6%         N/A       38%         3
 Manifold Assault         Tloc           14%        N/A       45%         4
 Dispel Undead            Necr           6%         3d8       80%         4
 Silence                  Hex/Air        5%         N/A       90%         5
 Freezing Cloud           Conj/Ice/Air   5%         6-21      92%         5
 Iskenderun's Battlesphe  Conj           8%         2d6       96%         5
 Agony                    Necr           6%         N/A       98%         5
 Metabolic Englaciation   Hex/Ice        3%         N/A       98%         5
 Statue Form              Tmut/Erth      14%        N/A       98%         6
 Haunt                    Necr/Summ      3%         N/A       100%        7
 Storm Form               Tmut/Air       9%         N/A       100%        7
 Infestation              Necr           3%         N/A       100%        8
 Animate Dead             Necr           Unusable   N/A       N/A         4

Dungeon Overview and Level Annotations

Branches:
Dungeon (11/15)            Temple (0/1) D:6            Lair (0/5) D:8
    Orc (0/2) D:10

Altars:
Ashenzari
Elyvilon
Fedhas
Gozag
Kikubaaqudgha
Nemelex Xobeh
Okawaru
Qazlal
Ru
Uskayaw
Yredelemnul
Zin
The Shining One

Shops:
D:9 [:?*=

Annotations:
D:3 exclusion: oklob plant


Innate Abilities, Weirdness & Mutations

You cannot wear most types of armour.
You are amphibious.
You can wear up to eight rings at the same time.
Your skin changes colour to match your surroundings (Stealth+).
Your rubbery body absorbs attacks. (AC +1, EV +1)
((You are camouflaged when in or above water. (Stealth+)))
You have tentacles for arms and can constrict up to eight enemies at once.


Message History

Poisonous vapours surround the two-headed ogre!
The two-headed ogre looks even sicker.
The grasping roots constrict the two-headed ogre!
The roots release their grip on the two-headed ogre.
Casting: Poisonous Vapours (safe; 5% risk of failure)
Confirm with . or Enter, or press ? or * to list all spells.
Aiming: Poisonous Vapours (safe; 5% risk of failure)
Press: ? - help, Dir - move target, f/p - two-headed ogre
Aim: a two-headed ogre, wielding a +0 dire flail and a +0 giant spiked club (heavily wounded, very poisoned) Poisonous vapours surround the two-headed ogre!
The two-headed ogre looks as sick as possible!
You completely miss the two-headed ogre.
You squeeze the two-headed ogre.
The two-headed ogre is severely wounded.
The two-headed ogre barely misses you. The two-headed ogre misses you.
You hit the two-headed ogre.
Your squeeze misses the two-headed ogre.
The two-headed ogre is severely wounded.
You hit the two-headed ogre but do no damage.
The two-headed ogre is severely wounded.
The two-headed ogre hits you with a +0 dire flail!!
The two-headed ogre barely misses you.
You hit the two-headed ogre. You squeeze the two-headed ogre.
The two-headed ogre is almost dead.
Casting: Poisonous Vapours (safe; 5% risk of failure)
Confirm with . or Enter, or press ? or * to list all spells.
Aiming: Poisonous Vapours (safe; 5% risk of failure)
Press: ? - help, Dir - move target, f/p - two-headed ogre
Aim: a two-headed ogre, wielding a +0 dire flail and a +0 giant spiked club (almost dead, very poisoned) Poisonous vapours surround the two-headed ogre!
The two-headed ogre looks as sick as possible!
The two-headed ogre hits you with a +0 dire flail!
The two-headed ogre hits you with a +0 giant spiked club!!
* * * LOW HITPOINT WARNING * * *
You hit the two-headed ogre.
The two-headed ogre is almost dead.
The two-headed ogre barely misses you.
The two-headed ogre hits you with a +0 giant spiked club!!
You die...
Your body crumbles into a pile of gold.

.......#.#......##....# +##
#.......#.#............##....
#.........#........)...##.(..
#.........#............##....
#.........#............##....
#.........#............##....
#.........##'#############'##
#............................
#..........#@O...............
#..........#...######........
#...###....#...######..###...
#............................
#############################


You could see a two-headed ogre (extremely poisoned).

Vanquished Creatures
  A centaur warrior (D:10)
  A two-headed ogre (D:9)
  Sonja (D:10)
  A deep elf pyromancer (D:10)
  A manticore (D:11)
  A troll (D:10)
  A wind drake (shapeshifter) (D:10)
  5 shadows
  4 wyverns
  A wraith (D:10)
  9 yaks
  A steam dragon (D:9)
  Menkaure (D:4)
  2 acid dragons
  3 water moccasins
  Duvessa (D:7)
  4 orc warriors
  2 sky beasts
  An ice beast (D:7)
  An ogre (D:7)
  A centaur (D:7)
  2 phantoms
  A kobold brigand (D:9)
  5 bullfrogs
  A gnoll sergeant (D:9)
  5 scorpions
  9 wights
  Dowan (D:7)
  A troll zombie (D:10)
  9 killer bees (D:8)
  6 howler monkeys
  A jelly (D:7)
  7 orc priests
  6 hounds
  A gnoll bouda (D:7)
  An iron imp (D:7)
  4 iguanas
  18 orc wizards
  5 ogre zombies (D:10)
  A mummy (D:5)
  15 gnolls
  5 adders
  2 white imps (D:5)
  2 worms
  A dart slug (D:3)
  37 orcs
  7 ball pythons
  6 endoplasms
  3 giant cockroaches (D:1)
  8 goblins
  7 hobgoblins
  4 jackals (D:1)
  13 kobolds
  2 quokkas
  4 bats
  5 frilled lizards
  A goblin skeleton (D:7)
  3 goblin zombies
  A hobgoblin skeleton (D:10)
  7 hobgoblin zombies
  4 kobold zombies
  2 orc skeletons (D:10)
  15 orc zombies
  6 rats
287 creatures vanquished.

Notes
Turn   | Place    | Note
-------+----------+-------------------------------------------
     0 | D:5      | croobank the Octopode Delver began the quest for the Orb.
     0 | D:5      | Reached XP level 1. HP: 16/16 MP: 1/1
     1 | D:6      | Noticed a hound
     3 | D:6      | Noticed an iguana
    12 | D:6      | Identified the staff of cold "Qixzog" {rElec rC+ MP+9}
    26 | D:6      | Noticed a howler monkey
    27 | D:6      | Noticed an iguana
    49 | D:6      | Found a white marble altar of Elyvilon.
   155 | D:4      | Noticed an orc wizard
   324 | D:4      | Reached XP level 2. HP: 21/21 MP: 2/2
   329 | D:3      | Found a broken altar of Ashenzari.
   591 | D:4      | Reached XP level 3. HP: 26/26 MP: 3/3
   602 | D:3      | Reached skill level 7 in Stealth
   690 | D:3      | Found a blossoming altar of Fedhas.
   751 | D:3      | Reached XP level 4. HP: 31/31 MP: 4/4
  1136 | D:1      | Found a faded altar of an unknown god.
  1163 | D:1      | Prayed at the altar of an unknown god.
  1163 | D:1      | Became a worshipper of Gozag Ym Sagoz the Greedy
  2726 | D:2      | Reached XP level 5. HP: 18/37 MP: 5/5
  2895 | D:3      | Got the Atlas of Vehement Impurities
  2961 | D:3      | Found an ancient bone altar of Kikubaaqudgha.
  3076 | D:3      | Found a glowing silver altar of Zin.
  3238 | D:3      | Reached skill level 1 in Spellcasting
  3420 | D:3      | Noticed an oklob plant
  3471 | D:4      | Reached XP level 6. HP: 43/43 MP: 7/7
  3906 | D:4      | Noticed Menkaure
  3915 | D:4      | Killed Menkaure
  3916 | D:4      | Reached skill level 8 in Stealth
  4209 | D:4      | Reached XP level 7. HP: 46/49 MP: 8/10
  5120 | D:6      | Reached skill level 5 in Fighting
  5120 | D:6      | Reached XP level 8. HP: 54/55 MP: 12/12
  5329 | D:6      | Reached skill level 9 in Stealth
  5441 | D:6      | Found an opulent altar of Gozag.
  5659 | D:6      | Found a sacrificial altar of Ru.
  5660 | D:6      | Found an iron altar of Okawaru.
  5713 | D:6      | Found a hide-covered altar of Uskayaw.
  5733 | D:6      | Noticed a shadow
  5738 | D:6      | Reached skill level 12 in Stealth
  5738 | D:6      | Reached XP level 9. HP: 42/66 MP: 12/18
  5978 | D:6      | Found a staircase to the Ecumenical Temple.
  6201 | D:7      | Found a glowing golden altar of the Shining One.
  6306 | D:7      | Identified the ring "Rosiynaig" {rPois rF+ rN+}
  7323 | D:6      | Reached skill level 13 in Stealth
  7323 | D:6      | Reached XP level 10. HP: 62/73 MP: 20/20
  7414 | D:7      | Found a sparkling altar of Nemelex Xobeh.
  7859 | D:7      | Noticed Dowan
  7867 | D:7      | Noticed Duvessa
  7873 | D:7      | Killed Dowan
  7881 | D:7      | Killed Duvessa
  9732 | D:8      | Found a basalt altar of Yredelemnul.
 10093 | D:8      | Learned a level 2 spell: Blink
 10096 | D:8      | Learned a level 2 spell: Poisonous Vapours
 10096 | D:8      | Found a staircase to the Lair.
 10144 | D:8      | Reached skill level 1 in Poison Magic
 10155 | D:8      | Reached skill level 1 in Air Magic
 10707 | D:8      | Found a stormy altar of Qazlal.
 10749 | D:8      | Reached skill level 1 in Translocations
 11344 | D:8      | Learned a level 3 spell: Mephitic Cloud
 11681 | D:9      | Found Oggu Viu's Magic Scroll Boutique.
 11697 | D:9      | Reached XP level 11. HP: 74/80 MP: 15/21
 11725 | D:9      | Bought a scroll of enchant weapon for 105 gold pieces
 11725 | D:9      | Bought a scroll of blinking for 105 gold pieces
 11725 | D:9      | Bought a scroll of identify for 28 gold pieces
 11725 | D:9      | Bought a scroll of immolation for 56 gold pieces
 11725 | D:9      | Bought a scroll of brand weapon for 133 gold pieces
 11835 | D:9      | Found Bedasieh's Jewellery Shop.
 11854 | D:9      | Found Ajyoxkej's General Store.
 12181 | D:9      | Noticed a two-headed ogre
 12203 | D:9      | Killed a two-headed ogre
 12204 | D:9      | Reached skill level 5 in Axes
 12841 | D:9      | Found Vaomivvi's Book Emporium.
 12857 | D:9      | Found Noutaonica's Armour Shop.
 12865 | D:9      | Bought a +0 buckler of protection for 161 gold pieces
 12967 | D:10     | Entered Level 10 of the Dungeon
 13046 | D:10     | Reached skill level 1 in Shields
 13398 | D:10     | Found a staircase to the Orcish Mines.
 13866 | D:10     | Noticed a centaur warrior
 13886 | D:10     | Killed a centaur warrior
 13887 | D:10     | Reached skill level 1 in Transmutations
 13887 | D:10     | Reached skill level 1 in Earth Magic
 14050 | D:10     | Noticed a fire crab
 14073 | D:10     | Noticed a deep elf pyromancer
 14079 | D:10     | Killed a deep elf pyromancer
 14655 | D:9      | Bought a book of Sloth for 360 gold pieces
 14710 | D:10     | Noticed Sonja
 14735 | D:10     | Killed Sonja
 15265 | D:11     | Noticed a manticore
 15272 | D:11     | Killed a manticore
 15477 | D:11     | Noticed a two-headed ogre
 15509 | D:11     | Slain by a two-headed ogre

Illustrated notes

Levels and vault maps discovered:
D:1:      minmay_arrival_loop, layout_loops_cross,
          ebering_ecumenical_altar_abandoned, minmay_tetromino_o4
D:2:      layout_basic
D:3:      layout_rooms, mainiacjoe_overflow_paths, tgw_fedhas, zin_academy,
          mainiacjoe_overflow_boulevard
D:4:      layout_loops_corners, uniq_menkaure
D:5:      layout_cave_pools, minmay_mini_ossuary
D:6:      layout_rooms, elyvilon_altar_1, overflow_temple_1_default,
          lemuel_crystal_altar, nicolae_overflow_squiral,
          minmay_temple_entry_statues_fountains, minmay_three_doors
D:7:      layout_basic, nemelex_xobeh_ov_fountains_minmay,
          nicolae_tso_besieged_by_evil, serial_glass, glass_columns_c,
          glass_columns_b, item_on_display_a, feat_on_display,
          due_unseen_surprise, feat_on_display, minmay_tree_intersection,
          minmay_misc_feat_tiny, uniq_duvessa
D:8:      layout_loops_ring, mainiacjoe_overflow_surrounded_room,
          lemuel_tele_altar, minmay_lair_entry_grove
D:9:      layout_loops_corners, serial_shops, shop, shop, shop,
          nicolae_shop_advertising_works [nicolae_subvault_shop_adworks], shop
D:10:     layout_roguey, zombieorc1_lemuel, hangedman_abyss_or_decor_stagger,
          wad_mini_maze, uniq_sonja
D:11:     layout_stronghold, chequers_serial_rivers_micro_a, minmay_crystal_room

Skill      XL: |  1  2  3  4  5  6  7  8  9 10 11 |
---------------+----------------------------------+-----
Stealth        | 7 8 12 13 | 13.4
Axes           | 3 4 6 |  6.0
Dodging        | 3 4 7 8 |  8.6
Spellcasting   | 1 2 6 7 |  7.2
Fighting       | 4 5 8 9 |  9.0
Poison Magic   | 3 |  3.5
Air Magic      | 2 |  2.9
Translocations | 2 |  2.3
Shields        | 4 |  4.0
Transmutations | 4 |  4.0
Earth Magic    | 4 |  4.0
Conjurations   | |  0.5

Action                     |  1- 3 |  4- 6 |  7- 9 | 10-12 || total
---------------------------+-------+-------+-------+-------++-------
  Melee: Hand axe          |    10 |       |       |       ||    10
         Constrict         |     8 |    37 |    50 |    47 ||   142
         Tentacles         |     8 |    23 |    59 |   112 ||   202
         Dagger            |    13 |   144 |   187 |   385 ||   729
         Punch             |       |       |     3 |    11 ||    14
  Throw: Throwing net      |       |     2 |     1 |       ||     3
         Dart              |       |       |     1 |     9 ||    10
         Boomerang         |       |       |       |    12 ||    12
   Cast: Poisonous Vapours |       |       |       |   140 ||   140
         Blink             |       |       |       |     1 ||     1
 Invoke: Potion Petition   |       |       |     1 |     2 ||     3
  Evoke: Wand              |       |       |     1 |    12 ||    13
    Use: Scroll            |     2 |     7 |     7 |    16 ||    32
         Potion            |     1 |     1 |     1 |     2 ||     5
   Stab: Sleeping          |     2 |    22 |    14 |    22 ||    60
         Distracted        |       |       |     1 |     1 ||     2
         Invisible         |       |       |     1 |       ||     1
         Paralysed         |       |       |       |     2 ||     2
 Armour: Skin              |       |    12 |     4 |    34 ||    50
  Dodge: Dodged            |    19 |    56 |   124 |   216 ||   415
  Block: Buckler           |       |       |       |    28 ||    28
